 Dungeon Sprint DCSS version 0.22-a0-274-gf8199ec (webtiles) character file.

7163 Kidiri the Unseen (level 10, -6/53 HPs)
             Began as a Spriggan Enchanter on Mar 13, 2018.
             Was a High Priest of Dithmenos.
             Mangled by a spriggan defender
             ... wielding a +2 flail of holy wrath
              (32 damage)
             ... in the Dungeon (Sprint IV: "Fedhas' Mad Dash").
             The game lasted 00:08:23 (1882 turns).

Kidiri the Unseen (Spriggan Enchanter)              Turns: 1882, Time: 00:08:24

Health: -6/53      AC:  2    Str:  4    XL:     10   Next: 86%
Magic:  13/27      EV: 33    Int: 21    God:    Dithmenos [*****.]
Gold:   220        SH:  3    Dex: 22    Spells: 7/33 levels left

rFire    . . .     SeeInvis +   a - +1 dagger
rCold    . . .     Gourm    .   (shield restricted)
rNeg     . . .     Faith    .   b - +0 robe
rPois    .         Spirit   .   (helmet restricted)
rElec    .         Reflect  +   (no cloak)
rCorr    .         Harm     .   (gloves unavailable)
MR       +....     NoTele   +   (boots unavailable)
Stlth    +++++++++.             n - amulet "Ciewoiza" {Reflect Int+3 Dex+3 SH+3}
HPRegen  0.17/turn              (no ring)
MPRegen  0.20/turn              (no ring)

@: hasted, wreathed by umbra, very quick
A: very small, unfitting armour, see invisible, herbivore, speed 3, slow
metabolism 2
a: Shadow Step, Shadow Form, Renounce Religion


You were in the Dungeon.
You worshipped Dithmenos.
Dithmenos was extremely pleased with you.
You were not hungry.

You visited 1 branch You collected 220 gold pieces.

Inventory:

Hand Weapons
 a - a +1 dagger (weapon)
 i - a +0 rapier
Armour
 b - a +0 robe (worn)
 c - a +0 buckler
Jewellery
 k - the amulet of invisibility {+Inv}
   (You found it in the Dungeon)

   [amulet of nothing]

   It lets you turn invisible.
 n - the amulet "Ciewoiza" (around neck) {Reflect Int+3 Dex+3 SH+3}
   (You found it in the Dungeon)

   [amulet of reflection]

   It shields you and reflects attacks.
   It affects your intelligence (+3).
   It affects your dexterity (+3).
   It affects your SH (+3).
Scrolls
 f - a scroll of magic mapping {unknown}
 j - a scroll of blinking
 l - 2 scrolls of remove curse {unknown}
 o - a scroll of identify {unknown}
Potions
 h - 2 potions of magic
 m - 2 potions of resistance {unknown}
Comestibles
 d - a ration


   Skills:
 + Level 6.0 Fighting
 * Level 11.1 Short Blades
 + Level 5.4 Armour
 * Level 14.2 Dodging
 * Level 15.4 Stealth
 + Level 5.3 Shields
 * Level 12.3 Spellcasting
 + Level 9.5 Hexes
 + Level 6.5 Invocations
 + Level 9.0 Evocations


You had 7 spell levels left.
You knew the following spells:

 Your Spells              Type           Power        Failure   Level  Hunger
a - Corona                Hex            ######.      1%          1    None
b - Ensorcelled Hibernat  Hex/Ice        ####..       1%          2    None
c - Confuse               Hex            ######..     1%          3    None
d - Tukima's Dance        Hex            ######..     1%          3    None
e - Dazzling Spray        Conj/Hex       ####..       2%          3    None
f - Confusing Touch       Hex            ######       1%          1    None
g - Gell's Gravitas       Tloc           ##........   16%         3    None
h - Metabolic Englaciati  Hex/Ice        ####......   21%         5    ####...
i - Yara's Violent Unrav  Hex/Tmut       ####......   21%         5    ####...


Dungeon Overview and Level Annotations

Branches:
Dungeon (1/1)

Altars:
Cheibriados
Dithmenos
Elyvilon
Gozag
Hepliaklqana
Kikubaaqudgha
Makhleb
Nemelex Xobeh
Okawaru
Qazlal
Ru
Sif Muna
Trog
Uskayaw
Vehumet
Wu Jian
Xom
Yredelemnul
Zin
The Shining One
Beogh
Jiyva
Lugonu

Shops:
D :*:[[:**


Innate Abilities, Weirdness & Mutations

You are very small and have problems with some larger weapons.
You are too small for most types of armour.
You have supernaturally acute eyesight. (SInv)
You are a herbivore.
You cover ground extremely quickly.
You need to consume almost no food.


Message History

You hit the spriggan defender but do no damage.
The spriggan defender is lightly wounded.
You barely miss the spriggan defender.
The spriggan defender is lightly wounded.
Your shadow completely misses the spriggan defender.
The spriggan defender completely misses you.
You hit the spriggan defender but do no damage.
The spriggan defender is lightly wounded.
The spriggan defender misses you.
You barely miss the spriggan defender.
The spriggan defender is lightly wounded.
Your shadow closely misses the spriggan defender.
The spriggan defender blocks your attack.
The spriggan defender is lightly wounded.
You hit the spriggan defender but do no damage.
The spriggan defender is lightly wounded.
Your shadow misses the spriggan defender.
The spriggan defender hits you with a flail of holy wrath!!
Ouch! That really hurt!
You die...

############################
#<..P#....†#.....#.⌠._._._._
#PP..'.....'.#...+.._._._._.
#PPPP#.....#.#...#..._._._._
###############'##.._._._._.
#...♣......i.'...#._._._._._
#......♣...@.#...###########
#†....♣..♣..######♣♣♣♣♣..♣(#
##+####'######.}'......♣.i♣#
#..#....'.......#♣..♣♣♣.♣).#
#.[#..###.......#.♣♣.)♣...♣'
####### ####################
# ..


You could see a spriggan defender.

Vanquished Creatures
  Agnes (D)
  A spriggan druid (D)
  6 oklob plants (D)
  A demonic crawler (D)
  3 wandering mushrooms (D)
  3 burning bushes (D)
  A queen bee (D)
  A hornet (D)
  2 scorpions (D)
  4 killer bees (D)
  5 oklob saplings (D)
  A worker ant (D)
  5 spriggans (D)
  A river rat (D)
  A rat (D)
  A ballistomycete (D)
  A ballistomycete spore (D)
38 creatures vanquished.

Notes
Turn   | Place    | Note
-------+----------+-------------------------------------------
     0 | D        | Kidiri the Spriggan Enchanter began the quest for the Orb.
     0 | D        | Reached XP level 1. HP: 9/9 MP: 5/5
     9 | D        | Reached XP level 2. HP: 14/14 MP: 7/7
    22 | D        | Learned a level 2 spell: Ensorcelled Hibernation
    23 | D        | Noticed an oklob sapling
    24 | D        | Killed an oklob sapling
    24 | D        | Reached skill level 1 in Fighting
    24 | D        | Reached skill level 1 in Armour
    24 | D        | Reached skill level 5 in Stealth
    24 | D        | Reached XP level 3. HP: 18/18 MP: 7/9
    44 | D        | Found the amulet of invisibility {+Inv}
    45 | D        | Reached skill level 5 in Dodging
    45 | D        | Reached skill level 6 in Stealth
    69 | D        | Learned a level 3 spell: Confuse
    73 | D        | Learned a level 3 spell: Tukima's Dance
    76 | D        | Noticed an oklob sapling
    79 | D        | Killed an oklob sapling
    79 | D        | Reached skill level 1 in Shields
    79 | D        | Reached XP level 4. HP: 23/23 MP: 8/11
   109 | D        | Learned a level 3 spell: Dazzling Spray
   202 | D        | Found an opulent altar of Gozag.
   202 | D        | Found a hazy altar of Hepliaklqana.
   202 | D        | Found a burning altar of Makhleb.
   202 | D        | Found a roughly hewn altar of Beogh.
   202 | D        | Found a sparkling altar of Nemelex Xobeh.
   202 | D        | Found a snail-covered altar of Cheibriados.
   202 | D        | Found a sacrificial altar of Ru.
   202 | D        | Found a deep blue altar of Sif Muna.
   202 | D        | Found a shimmering altar of Xom.
   202 | D        | Found a basalt altar of Yredelemnul.
   203 | D        | Found a viscous altar of Jiyva.
   203 | D        | Found a bloodstained altar of Trog.
   203 | D        | Found an ornate altar of the Wu Jian Council.
   204 | D        | Found an iron altar of Okawaru.
   204 | D        | Found a glowing silver altar of Zin.
   204 | D        | Found a shadowy altar of Dithmenos.
   205 | D        | Found a hide-covered altar of Uskayaw.
   205 | D        | Found an ancient bone altar of Kikubaaqudgha.
   206 | D        | Found a stormy altar of Qazlal.
   206 | D        | Found a glowing golden altar of the Shining One.
   206 | D        | Found a white marble altar of Elyvilon.
   207 | D        | Found a radiant altar of Vehumet.
   207 | D        | Found a corrupted altar of Lugonu.
   229 | D        | Reached skill level 7 in Stealth
   229 | D        | Reached skill level 5 in Spellcasting
   229 | D        | Reached skill level 5 in Hexes
   229 | D        | Reached skill level 1 in Evocations
   317 | D        | Became a worshipper of Dithmenos the Shadowed
   365 | D        | Reached XP level 5. HP: 26/26 MP: 11/14
   371 | D        | Reached skill level 5 in Short Blades
   371 | D        | Reached skill level 8 in Stealth
   371 | D        | Reached skill level 1 in Invocations
   373 | D        | Reached * piety under Dithmenos
   442 | D        | Found Jestryd's General Store.
   442 | D        | Found Faycwoige's Book Emporium.
   454 | D        | Noticed a burning bush
   454 | D        | Noticed a wandering mushroom
   455 | D        | Noticed a wandering mushroom
   458 | D        | Reached skill level 9 in Stealth
   458 | D        | Reached XP level 6. HP: 32/32 MP: 13/16
   459 | D        | Killed a wandering mushroom
   459 | D        | Reached ** piety under Dithmenos
   459 | D        | Reached XP level 7. HP: 36/36 MP: 14/19
   473 | D        | Killed a wandering mushroom
   473 | D        | Reached skill level 10 in Stealth
   473 | D        | Reached skill level 5 in Evocations
   595 | D        | Killed a burning bush
   595 | D        | Reached skill level 10 in Dodging
   595 | D        | Reached skill level 11 in Stealth
   601 | D        | Found Kubress's Book Emporium.
   601 | D        | Found Tunu's Armour Shoppe.
   669 | D        | Noticed a queen bee
   673 | D        | Killed a queen bee
   673 | D        | Reached XP level 8. HP: 42/42 MP: 14/21
   676 | D        | Reached *** piety under Dithmenos
   832 | D        | Noticed an oklob plant
   845 | D        | Killed an oklob plant
   845 | D        | Reached skill level 12 in Stealth
  1060 | D        | Noticed a burning bush
  1062 | D        | Killed a burning bush
  1062 | D        | Reached **** piety under Dithmenos
  1065 | D        | Got a scorched lead amulet
  1076 | D        | Identified the amulet "Ciewoiza" {Reflect Int+3 Dex+3 SH+3} (You found it in the Dungeon)
  1200 | D        | Noticed a burning bush
  1200 | D        | Noticed an oklob plant
  1201 | D        | Noticed a wandering mushroom
  1202 | D        | Killed a burning bush
  1202 | D        | Reached XP level 9. HP: 46/46 MP: 23/23
  1205 | D        | Killed an oklob plant
  1205 | D        | Reached skill level 13 in Stealth
  1205 | D        | Reached skill level 10 in Spellcasting
  1205 | D        | Reached skill level 5 in Invocations
  1214 | D        | Killed a wandering mushroom
  1264 | D        | Noticed a spriggan druid
  1266 | D        | Killed a spriggan druid
  1266 | D        | Reached skill level 5 in Fighting
  1283 | D        | Noticed an oklob plant conjurer
  1287 | D        | Killed an oklob plant conjurer
  1287 | D        | Reached ***** piety under Dithmenos
  1296 | D        | Learned a level 1 spell: Confusing Touch
  1300 | D        | Learned a level 3 spell: Gell's Gravitas
  1306 | D        | Learned a level 5 spell: Metabolic Englaciation
  1312 | D        | Learned a level 5 spell: Yara's Violent Unravelling
  1597 | D        | Noticed an oklob plant
  1597 | D        | Noticed an oklob plant summoner
  1598 | D        | Noticed an oklob plant shifter
  1599 | D        | Killed an oklob plant
  1599 | D        | Reached skill level 10 in Short Blades
  1599 | D        | Reached skill level 14 in Stealth
  1599 | D        | Reached XP level 10. HP: 51/51 MP: 20/26
  1601 | D        | Killed an oklob plant shifter
  1608 | D        | Killed an oklob plant summoner
  1753 | D        | Noticed a spriggan rider
  1754 | D        | Found Kisuat's Assorted Antiques.
  1754 | D        | Found Lunwijiz's General Store.
  1757 | D        | Killed a spriggan rider
  1757 | D        | Reached skill level 5 in Armour
  1757 | D        | Reached skill level 5 in Shields
  1812 | D        | Noticed Agnes
  1814 | D        | Found Zemif's Book Emporium.
  1814 | D        | Found Nar Mys's Armour Shoppe.
  1815 | D        | Killed Agnes
  1815 | D        | Reached skill level 15 in Stealth
  1818 | D        | Noticed a spriggan defender
  1835 | D        | Noticed a spriggan berserker
  1882 | D        | Mangled by a spriggan defender

Vault maps used:
D:        dungeon_sprint_fedhas

Skill      XL: |  1  2  3  4  5  6  7  8  9 10 |
---------------+-------------------------------+-----
Short Blades   | 2 3 4 5 6 7 8 10 11 | 11.1
Dodging        | 4 5 6 8 9 10 11 12 14 | 14.2
Spellcasting   | 3 4 5 6 7 8 9 11 12 | 12.3
Fighting       | 1 2 3 4 5 6 |  6.0
Armour         | 1 2 3 4 5 |  5.4
Stealth        | 5 6 7 9 11 12 14 15 | 15.4
Hexes          | 4 5 6 7 8 9 |  9.5
Shields        | 1 2 3 4 5 |  5.3
Evocations     | 2 3 4 5 6 7 9 |  9.0
Invocations    | 1 2 3 4 5 6 |  6.5

Action                   |  1- 3 |  4- 6 |  7- 9 | 10-12 || total
-------------------------+-------+-------+-------+-------++-------
Melee: Dagger            |     5 |    17 |    51 |    16 ||    89
 Cast: Dazzling Spray    |       |     2 |     7 |     4 ||    13
       Corona            |       |     2 |       |     1 ||     3
       Ensorcelled Hiber |       |     2 |     1 |     2 ||     5
       Confuse           |       |       |     4 |     3 ||     7
Invok: Shadow Step       |       |       |     4 |     3 ||     7
 Abil: Evoke Invisibilit |     1 |     3 |     3 |       ||     7
  Use: Potion            |       |     2 |       |     3 ||     5
 Stab: Sleeping          |     5 |     6 |    11 |     5 ||    27
       Invisible         |       |       |     4 |       ||     4
       Confused          |       |       |     4 |     1 ||     5
  Eat: Ration            |       |       |     1 |       ||     1
Dodge: Dodged            |       |     4 |    12 |     8 ||    24
Block: Other             |       |       |       |     3 ||     3

Table legend:
 A = Spawn XP
 B = Non-spawn XP
 C = Spawn XP percentage of total XP
 D = Spawn monster count
 E = Non-spawn monster count
 F = Spawn count percentage of total count
 G = Total turns spent on level
                    A         B        C        D         E        F      G
               +---------+---------+-------+---------+---------+-------+---------
         Total |       0 |   10233 |   0.0 |       0 |      36 |   0.0 |  1882
               +---------+---------+-------+---------+---------+-------+---------
             D |       0 |   10233 |   0.0 |       0 |      36 |   0.0 |  1882
               +---------+---------+-------+---------+---------+-------+---------
